 Dungeon Crawl Stone Soup version 0.29-a0-284-gf9362112df (webtiles) character file.

Game seed: 7778560377305615759

32 bande the Covered (level 3, -2/23 HPs)
             Began as a Gargoyle Fighter on Mar 22, 2022.
             Slain by a gnoll
             ... wielding a +0 whip
              (7 damage)
             ... on level 2 of the Dungeon.
             The game lasted 00:01:42 (1107 turns).

bande the Covered (Gargoyle Fighter)                Turns: 1107, Time: 00:01:43

Health: -2/23      AC: 11    Str: 19    XL:     3   Next: 25%
Magic:  3/3        EV:  9    Int:  8    God:
Gold:   43         SH:  4    Dex: 11    Spells: 2/2 levels left

rFire   . . .      SeeInvis .   a - +0 war axe
rCold   . . .      Faith    .   c - +0 buckler
rNeg    + . .      Spirit   .   b - +0 scale mail
rPois   ∞          Reflect  .   (no helmet)
rElec   +          Harm     .   f - +0 cloak
rCorr   .          Rampage  .   (no gloves)
Will    .....                   (no boots)
Stlth   ..........              (no amulet)
HPRegen 0.07/turn               (no ring)
MPRegen 0.08/turn               (no ring)

@: no status effects
A: sickness immunity, AC +3, negative energy resistance 1, electricity
resistance, torment resistance 1, petrification resistance
a: no special abilities


You were on level 2 of the Dungeon.
You visited 1 branch of the dungeon, and saw 2 of its levels.

You collected 43 gold pieces.

Inventory:

Hand Weapons
 a - a +0 war axe (weapon)
Armour
 b - a +0 scale mail (worn)
 c - a +0 buckler (worn)
 f - a +0 cloak (worn)
Potions
 d - a potion of might
 e - a potion of curing {unknown}
 h - a potion of degeneration {unknown}
 i - a potion of resistance {unknown}


   Skills:
 + Level 3.5 Fighting
 + Level 2.1 Axes
 + Level 3.8 Armour
 + Level 3.7 Shields


You had 2 spell levels left.
You didn't know any spells.
Your spell library was empty.

Dungeon Overview and Level Annotations

Branches:
Dungeon (2/15)

Altars:

Shops:
D:1 [


Innate Abilities, Weirdness & Mutations

You are immune to sickness and miasma.
Your stone body is resilient. (AC +3)
You are immune to poison.
You resist negative energy. (rN+)
You are resistant to electric shocks. (rElec)
You are resistant to unholy torment.
You are immune to petrification.


Message History

The adder bites you but does no damage.
You closely miss the adder. The adder barely misses you.
The adder bites you but does no damage.
You miss the adder. The adder bites you.
You closely miss the adder.
The adder bites you but does no damage. x2
You hit the adder but do no damage.
The adder bites you but does no damage. x2
You slash the adder!
You kill the adder!
You have reached level 3!
Your experience leads to an increase in your attributes!
Increase (S)trength, (I)ntelligence, or (D)exterity?
You feel agile. x2
HP restored.
g - a scroll labelled TIOPNO PASTRUO
As you read the scroll labelled TIOPNO PASTRUO, it crumbles to dust.
The air around you briefly surges with heat, but it dissipates.
It was a scroll of immolation. 2 gnolls come into view.
The gnoll shouts! x2
There are monsters nearby!
A gnoll comes into view. It is wielding a +0 club.
The gnoll shouts!
The gnoll hits you with a +0 whip!
You hit the gnoll but do no damage.
An endoplasm comes into view.
The gnoll hits you with a +0 whip.
You are too injured to fight recklessly!
You are too injured to fight recklessly!
You are too injured to fight recklessly!
You are too injured to fight recklessly!
You are too injured to fight recklessly!
You are too injured to fight recklessly!
You are too injured to fight recklessly!
Unknown command.
The gnoll attacks as you move away! The gnoll hits you with a +0 whip.
The gnoll attacks as you move away! The gnoll barely misses you.
The gnoll attacks as you move away! The gnoll hits you with a +0 whip.
* * * LOW HITPOINT WARNING * * *
The gnoll attacks as you move away! The gnoll hits you with a +0 whip!
You die...

.........# #.#
...........# #.#
............ #.#
#####.####.###.###
.. .#.....#
#.##### #.# #.#
#@# #g# #g# #.#
#g# #.###.#
#.g...# J.......##
.######.#


You could see 3 gnolls.

Vanquished Creatures
  An adder (D:2)
  2 endoplasms (D:1)
  4 goblins
  3 hobgoblins (D:1)
  3 kobolds (D:1)
  A quokka (D:1)
  2 ball pythons (D:1)
  4 bats (D:1)
  A frilled lizard (D:1)
  A rat (D:1)
22 creatures vanquished.

Notes
Turn   | Place    | Note
-------+----------+-------------------------------------------
     0 | D:1      | bande the Gargoyle Fighter began the quest for the Orb.
     0 | D:1      | Reached XP level 1. HP: 14/14 MP: 1/1
    82 | D:1      | Reached XP level 2. HP: 19/19 MP: 2/2
   728 | D:1      | Found Nialeop's Antique Armour Boutique.
  1034 | D:2      | Reached XP level 3. HP: 20/23 MP: 3/3
  1107 | D:2      | Slain by a gnoll

Illustrated notes

Levels and vault maps discovered:
D:1:      heliophobic_arrival_ceremonial_halls, layout_loops_ring, serial_shops,
          nicolae_shop_stone, chequers_serial_rivers_small_b
D:2:      layout_basic, basic_altar, shapermc_ecumenical_altar_rom_forum,
          uniq_terence, uniq_jessica, uniq_sigmund

Skill      XL: |  1  2 |
---------------+-------+-----
Axes           | 2 |  2.1
Fighting       | |  3.5
Armour         | |  3.8
Shields        | |  3.7

Action                   || total
-------------------------++-------
Melee: War axe           ||    87
  Use: Scroll            ||     2
Armor: Scale mail        ||    82
Dodge: Dodged            ||    40
Block: Buckler           ||    19

Table legend: (Time is in decaauts)
 A = Elapsed time spent in this place.
 B = Non-inter-level travel time spent in this place.
 C = Inter-level travel time spent in this place.
 D = Time resting spent in this place.
 E = Time spent auto-exploring this place.
 F = Levels seen in this place.
 G = Mean time per level.
                   A        B        C        D        E       F      G
               +--------+--------+--------+--------+--------+-----+--------+
         Total |   1148 |   1115 |     33 |      0 |    871 |   2 |  574.0 |
       Dungeon |   1148 |   1115 |     33 |      0 |    871 |   2 |  574.0 |
               +--------+--------+--------+--------+--------+-----+--------+

Top non-repeatable levels by time:
     D:1: 1014 daAuts
     D:2: 134 daAuts
